AoeStats
← Fislim

Arena

510544680Analyzed
2v2 RM · 1d ago on Oct 1, 2026· 27m 23s· 4 players
Game mode
Random Map
Map size
Medium (4 player)
Population
200
Speed
Normal
Resources
Standard
Victory
Conquest
Starting age
Dark Age
Ending age
Imperial Age
RankedLock teamsTeams togetherTeam positionsShared explorationLock speedFull tech treeHidden civsTurbo modeCheats
Victory
Defeat
🇨🇳 Portuguese · China
1142
+13
🇨🇳 Turks · China
1122
+14
🇨🇳 Varangians · China
1084
-14
1071
-13
阿哲
10:51 Feudal Age
12:20 Horse Collar
12:26 Double-Bit Axe
14:43 Castle Age
21:39 Wheelbarrow
22:15 Bow Saw
25:53 Forging
27:28 Iron Casting
26:58 Scale Barding Armor
28:00 Chain Barding Armor
你 你们是恶魔吗
10:02 Feudal Age
10:37 Horse Collar
10:43 Double-Bit Axe
12:46 Loom
15:27 Castle Age
16:55 Heavy Plow
17:08 Bow Saw
17:59 Loom
21:13 Crossbowman
22:10 Fletching
23:32 Bodkin Arrow
24:04 Stone Mining
24:27 Padded Archer Armor
Fislim
12:29 Feudal Age
13:32 Double-Bit Axe
16:16 Castle Age
14:29 Horse Collar
14:41 Gold Mining
21:11 Imperial Age
19:02 Bow Saw
25:47 Two-Man Saw
25:44 Gold Shaft Mining
Yakamoon
10:24 Feudal Age
11:10 Double-Bit Axe
14:03 Castle Age
12:16 Horse Collar
15:35 Bow Saw
19:19 Gold Mining
21:07 Wheelbarrow
21:23 Scale Barding Armor
21:28 Forging
22:25 Hand Cart
22:36 Bloodlines
22:48 Husbandry
24:38 Chain Barding Armor
Connection lost

Rejoining the realm…

Still unreachable

The connection could not be restored.

Session expired

The server has moved on; the page needs a fresh start.